 Dungeon Crawl Stone Soup version 0.30.0-19-gbf45117a57 (webtiles) character file.

Game seed: 2551007885574891567

1682 qw the Cleaver (level 9, 0/55 HPs)
             Began as a Gargoyle Fighter on May 25, 2023.
             Slain by an ogre
             ... wielding a +0 giant club
              (14 damage)
             ... on level 6 of the Dungeon.
             The game lasted 00:02:25 (4270 turns).

qw the Cleaver (Gargoyle Fighter)                   Turns: 4270, Time: 00:02:26

Health: 0/55       AC: 20    Str: 24    XL:     9   Next: 2%
Magic:  9/9        EV:  7    Int:  9    God:
Gold:   253        SH:  4    Dex:  9    Spells: 8/8 levels left

rFire   . . .        Y - +1 war axe
rCold   . . .        c - +0 buckler
rNeg    + . .        j - +0 plate armour
rPois   inf          (no helmet)
rElec   +            (no cloak)
rCorr   .            m - +0 pair of gloves
SInv    +            (no boots)
Will    .....        f - amulet of the acrobat Stlth
                     t - ring of see invisible
HPRegen 0.29/turn    (no ring)
MPRegen 0.11/turn

%: acrobat
@: no status effects
A: sickness immunity, AC +6, negative energy resistance 1, electricity
resistance, torment resistance 1, petrification resistance
a: no special abilities


You were on level 6 of the Dungeon.
You visited 1 branch of the dungeon, and saw 6 of its levels.

You collected 253 gold pieces.


Innate Abilities, Weirdness & Mutations

You are immune to sickness and miasma.
Your stone body is resilient. (AC +6)
You are immune to poison.
You resist negative energy. (rN+)
You are resistant to electric shocks. (rElec)
You are resistant to unholy torment.
You are immune to petrification.


   Skills:
 - Level 6.0 Fighting
 + Level 8.0 Axes
 - Level 2.3 Throwing
 - Level 5.6 Armour
 - Level 1.2 Dodging
 - Level 3.2 Shields


You had 8 spell levels left.
You didn't know any spells.
Your spell library was empty.

Inventory:

Hand Weapons
 n - a +0 flail
 Y - a +1 war axe (weapon)
Missiles
 o - 3 javelins (quivered)
Armour
 c - a +0 buckler (worn)
 j - a +0 plate armour (worn)
 m - a +0 pair of gloves (worn)
Jewellery
 f - an amulet of the acrobat (around neck)
 t - a ring of see invisible (left hand)
Wands
 h - a wand of digging (2)
Scrolls
 a - a scroll of identify
 e - a scroll of noise {unknown}
 g - 3 scrolls of blinking {unknown}
Potions
 b - 2 potions of curing
 d - a potion of might
 i - a potion of mutation {unknown}
 k - a potion of heal wounds {unknown}
 l - 2 potions of lignification {unknown}
 s - a potion of degeneration {unknown}

Dungeon Overview and Level Annotations

Branches:
Dungeon (6/15)
 Temple: D:4-7

Altars:
Cheibriados
Hepliaklqana
Xom

Shops:
D:5 [

Annotations:
D:6 1 runed translucent door, qw's ghost, novice GrFi


Message History

You feel stronger. x2
You hit the orc but do no damage. The orc hits you with a +0 dagger.
The orc barely misses you.
4243 ||| READING scroll of teleportation.
As you read the scroll of teleportation, it crumbles to dust.
You feel strangely unstable. You block the orc's attack.
You barely miss the orc. The orc closely misses you.
You barely miss the orc. The orc closely misses you.
You slash the orc!
You kill the orc!
You start resting.
Your surroundings suddenly seem different.
You start resting.
An ogre comes into view. It is wielding a +0 giant club.
You are too injured to fight recklessly!
The ogre shouts!
An orc comes into view. It is wielding a +1 heavy flail.
4260 ||| Stepping ~*~*~tactically~*~*~ (stealth).
You are too injured to fight recklessly!
The orc shouts!
You are too injured to fight recklessly!
You are too injured to fight recklessly!
You are too injured to fight recklessly!
You are too injured to fight recklessly!
You barely miss the ogre. The ogre barely misses you.
You barely miss the ogre. The ogre hits you with a +0 giant club!
You barely miss the ogre. You slash the orc!
You kill the orc!
You slash the ogre!
The ogre is heavily wounded.
You block the ogre's attack.
You slash the ogre!
The ogre is almost dead.
The ogre hits you with a +0 giant club!
You die...

..
#.....###...........
...#....##............
.##................#.
.
..............<......
...........<..........
......................
......:..............
........)..........
.......@O..........
....######.........
.... ##..... .. #...
.. .


You could see an ogre.

Vanquished Creatures
  Sigmund (D:3)
  3 yaks (D:6)
  A sky beast (D:6)
  2 black bears (D:5)
  A kobold brigand (D:6)
  2 scorpions (D:5)
  3 jellies
  A howler monkey (D:5)
  3 hounds
  An orc priest (D:5)
  An iguana (D:6)
  Ijyb (D:3)
  Terence (D:3)
  2 orc wizards (D:4)
  7 gnolls
  8 adders
  A white imp (D:5)
  2 worms
  2 dart slugs
  11 orcs
  6 endoplasms
  4 giant cockroaches
  6 goblins
  10 hobgoblins
  A quokka (D:4)
  13 ball pythons
  2 bats (D:1)
  13 kobolds
  4 rats
113 creatures vanquished.

Notes
Turn   | Place    | Note
-------+----------+-------------------------------------------
     0 | D:1      | qw the Gargoyle Fighter began the quest for the Orb.
     0 | D:1      | Reached XP level 1. HP: 14/14 MP: 1/1
     0 | D:1      | 0 ||| qw: Version: 0.2-a-98-g5d7165a
     0 | D:1      | 0 ||| qw: Game counter: 77
     0 | D:1      | 0 ||| qw: Always use a shield: true
     0 | D:1      | 0 ||| qw: God list: Okawaru
     0 | D:1      | 0 ||| qw: Allow faded altars: false
     0 | D:1      | 0 ||| qw: Do Orc after D:15 true
     0 | D:1      | 0 ||| qw: Do second Lair branch before Depths: true
     0 | D:1      | 0 ||| qw: Lair rune preference: random
     0 | D:1      | 0 ||| qw: Plans: Normal, Zot:1-4, God:TSO, Crypt, Tomb,
                  | Pan, Slime:5, Hells, Abyss, Win
     0 | D:1      | 0 ||| PLANNING D:1-11
    99 | D:1      | Reached skill level 2 in Axes
   243 | D:1      | Reached XP level 2. HP: 16/19 MP: 2/2
   312 | D:1      | 312 ||| DROPPING +0 club.
   335 | D:1      | 335 ||| Stepping ~*~*~tactically~*~*~ (hiding).
   337 | D:1      | 337 ||| Stepping ~*~*~tactically~*~*~ (hiding).
   348 | D:1      | Reached skill level 3 in Axes
   348 | D:1      | Reached XP level 3. HP: 6/23 MP: 3/3
   600 | D:1      | 600 ||| UPGRADING to +0 chain mail.
   610 | D:1      | 610 ||| DROPPING +0 scale mail.
   611 | D:1      | 611 ||| READING 2 scrolls labelled SACSAOTIAN.
   650 | D:2      | 650 ||| STAIRDANCE
   768 | D:2      | Found a shimmering altar of Xom.
   910 | D:2      | Reached XP level 4. HP: 28/28 MP: 4/4
  1006 | D:2      | Reached skill level 4 in Axes
  1152 | D:2      | 1152 ||| UPGRADING to +0 plate armour.
  1162 | D:2      | 1162 ||| DROPPING +0 chain mail.
  1163 | D:2      | 1163 ||| READING scroll labelled WONAPR ZAEGG.
  1164 | D:2      | 1164 ||| READING 2 scrolls labelled PAZXIU WUIT.
  1165 | D:2      | 1165 ||| DRINKING 3 fizzy pink potions.
  1166 | D:2      | 1166 ||| DROPPING scroll of immolation.
  1307 | D:3      | Reached XP level 5. HP: 29/32 MP: 5/5
  1370 | D:3      | Noticed Terence
  1384 | D:3      | Killed Terence
  1457 | D:3      | Noticed Ijyb
  1481 | D:3      | Killed Ijyb
  1482 | D:3      | Reached skill level 5 in Axes
  1532 | D:3      | Noticed Sigmund
  1547 | D:3      | Killed Sigmund
  1548 | D:3      | Reached XP level 6. HP: 31/40 MP: 6/6
  1824 | D:3      | 1824 ||| DROPPING +0 whip.
  2163 | D:3      | Found a snail-covered altar of Cheibriados.
  2224 | D:3      | 2224 ||| UPGRADING to +0 pair of gloves.
  2229 | D:3      | 2229 ||| READING scroll labelled UMMARGH OBIOR.
  2232 | D:3      | 2232 ||| READING scroll labelled APINAKK TISERPH.
  2233 | D:3      | 2233 ||| READING scroll labelled UTEYFAR IW SYE.
  2555 | D:4      | Reached XP level 7. HP: 44/44 MP: 7/7
  2663 | D:4      | Reached skill level 6 in Axes
  2872 | D:4      | 2872 ||| DRINKING 4 potions of curing.
  2872 | D:4      | 2872 ||| (to cure confusion)
  2873 | D:4      | 2873 ||| DRINKING 3 potions of curing.
  2873 | D:4      | 2873 ||| (to cure confusion)
  2978 | D:4      | 2978 ||| Stepping ~*~*~tactically~*~*~ (stealth).
  3222 | D:4      | 3222 ||| UPGRADING to amulet of the acrobat.
  3227 | D:4      | 3227 ||| READING scroll labelled JERCHO PEECAHI.
  3244 | D:5      | Entered Level 5 of the Dungeon
  3262 | D:5      | 3262 ||| Stepping ~*~*~tactically~*~*~ (stealth).
  3401 | D:5      | 3401 ||| Stepping ~*~*~tactically~*~*~ (hiding).
  3402 | D:5      | 3402 ||| Stepping ~*~*~tactically~*~*~ (hiding).
  3547 | D:5      | Reached XP level 8. HP: 49/49 MP: 8/8
  3689 | D:5      | Found a hazy altar of Hepliaklqana.
  3736 | D:5      | Found Genoco's Antique Armour Boutique.
  3878 | D:5      | 3878 ||| UPGRADING to ring of see invisible.
  3879 | D:5      | 3879 ||| READING scroll labelled PUTZIE ITEAVIUWI.
  3914 | D:5      | 3914 ||| READING scroll labelled WABLUM UL HAGEN.
  3915 | D:5      | 3915 ||| READING 3 scrolls of identify.
  3915 | D:5      | 3915 ||| IDENTIFYING purple potion
  3916 | D:5      | 3916 ||| READING 2 scrolls of identify.
  3916 | D:5      | 3916 ||| IDENTIFYING yellow potion
  3917 | D:5      | 3917 ||| DROPPING potion of berserk rage.
  3918 | D:5      | 3918 ||| DROPPING potion of brilliance.
  3947 | D:6      | 3947 ||| STAIRDANCE
  3950 | D:5      | Reached skill level 7 in Axes
  4020 | D:6      | 4020 ||| STAIRDANCE
  4028 | D:5      | Reached skill level 1 in Dodging
  4071 | D:6      | Found a runed translucent door.
  4076 | D:6      | Noticed qw's ghost (novice GrFi)
  4079 | D:6      | 4079 ||| Stepping ~*~*~tactically~*~*~ (stealth).
  4120 | D:6      | 4120 ||| Stepping ~*~*~tactically~*~*~ (hiding).
  4176 | D:6      | Reached skill level 8 in Axes
  4216 | D:6      | Noticed a yak
  4216 | D:6      | Noticed a yak
  4216 | D:6      | Noticed a yak
  4224 | D:6      | Killed a yak
  4237 | D:6      | Killed a yak
  4238 | D:6      | Reached skill level 6 in Fighting
  4241 | D:6      | Killed a yak
  4242 | D:6      | Reached XP level 9. HP: 15/55 MP: 9/9
  4242 | D:6      | HP: 13/55 [orc/+0 dagger (2)]
  4243 | D:6      | 4243 ||| READING scroll of teleportation.
  4260 | D:6      | 4260 ||| Stepping ~*~*~tactically~*~*~ (stealth).
  4267 | D:6      | HP: 13/55 [ogre/+0 giant club (7)]
  4270 | D:6      | Slain by an ogre

Levels and vault maps discovered:
D:1:      amcnicky_arrival_gap_in_the_tavern_cellar, layout_rooms,
          kennysheep_decorative_pillar, item_on_display_a
D:2:      layout_rooms, basic_altar
D:3:      layout_loops_ring, mainiacjoe_overflow_surrounded_room,
          grunt_decor_cap, fountainhead, grunt_ministairs_1,
          kennysheep_generic_room_9, uniq_sigmund, uniq_ijyb, uniq_terence
D:4:      layout_gridville
D:5:      layout_rooms, mainiacjoe_overflow_alcove_2, serial_shops,
          nicolae_shop_stone, grunt_ministairs_11, kennysheep_generic_room_3
D:6:      layout_cave_pools, zin_treasury, minmay_temple_entry_fiery,
          hellmonk_ghost_happy_afterlife, minivault_26, kennysheep_minor_cross

Skill      XL: |  1  2  3  4  5  6  7  8 |
---------------+-------------------------+-----
Axes           | 2 3 4 5 6 8 |  8.0
Fighting       | 5 6 |  6.0
Armour         | 4 5 |  5.6
Dodging        | 1 |  1.2
Throwing       | 2 |  2.3
Shields        | |  3.2

Action                     |  1- 3 |  4- 6 |  7- 9 || total
---------------------------+-------+-------+-------++-------
  Melee: War axe           |    80 |   173 |   159 ||   412
  Throw: Boomerang         |       |    11 |    30 ||    41
         Javelin           |       |       |     1 ||     1
    Use: Scroll            |     1 |     5 |     6 ||    12
         Potion            |       |     1 |     2 ||     3
 Armour: Scale mail        |    28 |       |       ||    28
         Chain mail        |    14 |     7 |       ||    21
         Plate armour      |       |   123 |   100 ||   223
  Dodge: Dodged            |    32 |    47 |    37 ||   116
  Block: Buckler           |    15 |    20 |    20 ||    55

Table legend:
 A = Non-vault XP
 B = Vault XP
 C = Vault XP percentage of total XP
 D = Non-vault monster count
 E = Vault monster count
 F = Vault count percentage of total count
                 A         B        C        D         E       F
            +---------+---------+-------+---------+---------+-------
      Total |    2020 |     384 |  16.0 |     106 |       7 |   6.2
            +---------+---------+-------+---------+---------+-------
        D:1 |      51 |       0 |   0.0 |      22 |       0 |   0.0
        D:2 |      50 |       0 |   0.0 |      15 |       0 |   0.0
        D:3 |     163 |     298 |  64.6 |      20 |       5 |  20.0
        D:4 |     271 |       0 |   0.0 |      21 |       0 |   0.0
        D:5 |     547 |      86 |  13.6 |      15 |       2 |  11.8
        D:6 |     938 |       0 |   0.0 |      13 |       0 |   0.0
            +---------+---------+-------+---------+---------+-------
